 Dungeon Crawl Stone Soup version 0.29.0-4-gdea44cf6ec (webtiles) character file.

Game seed: 12622061019090817387

71 qw the Chopper (level 4, -1/26 HPs)
             Began as a Tengu Warper on Aug 28, 2022.
             Slain by an orc wizard
             ... wielding a +0 dagger
              (2 damage)
             ... on level 3 of the Dungeon.
             The game lasted 00:00:11 (2923 turns).

qw the Chopper (Tengu Warper)                       Turns: 2923, Time: 00:00:12

Health: -1/26      AC:  5    Str: 14    XL:     4   Next: 24%
Magic:  8/8        EV: 11    Int: 13    God:
Gold:   77         SH:  0    Dex: 13    Spells: 7/7 levels left

rFire   . . .      SeeInvis .   Y - +1 hand axe
rCold   . . .      Faith    .   (no shield)
rNeg    . . .      Spirit   .   f - +0 ring mail
rPois   .          Reflect  .   (helmet restricted)
rElec   .          Harm     .   (no cloak)
rCorr   .          Rampage  .   (no gloves)
Will    .....                   (boots unavailable)
Stlth   +.........              (no amulet)
HPRegen 0.08/turn               (no ring)
MPRegen 0.11/turn               (no ring)

@: no status effects
A: beak, talons 3
a: no special abilities


You were on level 3 of the Dungeon.
You visited 1 branch of the dungeon, and saw 3 of its levels.

You collected 77 gold pieces.


Innate Abilities, Weirdness & Mutations

You have a beak for a mouth.
You have claws for feet.


   Skills:
 - Level 2.0 Fighting
 + Level 4.8 Axes
 - Level 1.0 Throwing
 - Level 1.1 Armour
 - Level 2.1 Dodging
 - Level 2.0 Spellcasting
 - Level 2.4 Translocations


You had 7 spell levels left.
You didn't know any spells.
Your spell library contained the following spells:

 Spells                   Type           Power      Damage    Failure   Level
 Blink                    Tloc           14%        N/A       30%         2
 Gell's Gravitas          Tloc           7%         N/A       52%         3
 Lesser Beckoning         Tloc           7%         N/A       52%         3
 Teleport Other           Tloc           7%         N/A       52%         3
 Manifold Assault         Tloc           7%         N/A       99%         5

Inventory:

Hand Weapons
 d - a +0 whip
 Y - a +1 hand axe (weapon)
Armour
 f - a +0 ring mail (worn)
Scrolls
 a - a scroll of identify
Potions
 b - a potion of cancellation
 c - a potion of magic {unknown}
 i - a potion of berserk rage {unknown}

Dungeon Overview and Level Annotations

Branches:
Dungeon (3/15)

Altars:


Message History

The orc wizard gestures at you while chanting.
The magic dart hits you. 2 orcs come into view.
The orc shouts!
You enter the shallow water.
Moving in this stuff is going to be slow.
The orc wizard hits you but does no damage.
You barely miss the orc wizard. The orc wizard casts a spell at you.
The magic dart hits you!
2917 ||| Stepping ~*~*~tactically~*~*~ (water).
The orc wizard attacks as you move away!
The orc wizard closely misses you. The orc hits you with a +0 club.
You barely miss the orc wizard. You hit the orc. x2
The orc hits you with a +0 club.
The orc wizard splashes around in the water.
The orc hits you with a +0 hand axe.
You hit the orc.
You kill the orc!
You hit the orc. You hit the orc wizard. The orc misses you.
The orc wizard splashes around in the water.
You hit the orc but do no damage. Your kick misses the orc.
Your peck misses the orc.
The orc is almost dead.
You closely miss the orc wizard. The orc closely misses you.
The orc wizard hits you with a +0 dagger.
You closely miss the orc. You peck the orc.
You kill the orc!
You completely miss the orc wizard.
The orc wizard hits you with a +0 dagger.
You closely miss the orc wizard.
The orc wizard is lightly wounded.
The orc wizard hits you with a +0 dagger.
You hit the orc wizard.
The orc wizard is heavily wounded.
The orc wizard hits you with a +0 dagger.
You die...

#.###.#.##
#..##....#
##.......#
##......# ##
#......###~~# .
#...>....#~~#..
#.........~~...
#.......~.~~...
#.....@o~.~~~~.
.......))~.~~.~.
...##......~~~~..
..# ##.##.~.~~...
#. .~~.~~... ##
..~.~~~.#
.....~..#
#.~..~~~~#


You could see an orc wizard.

Vanquished Creatures
  3 adders (D:2)
  2 orcs (D:3)
  5 bats (D:1)
  3 endoplasms (D:1)
  A giant cockroach (D:1)
  2 goblins (D:1)
  3 hobgoblins
  6 kobolds
  3 quokkas (D:1)
  5 ball pythons
  4 frilled lizards
  3 rats
40 creatures vanquished.

Notes
Turn   | Place    | Note
-------+----------+-------------------------------------------
     0 | D:1      | qw the Tengu Warper began the quest for the Orb.
     0 | D:1      | Reached XP level 1. HP: 12/12 MP: 4/4
     0 | D:1      | 0 ||| qw: Version: 0.1-a-89-g26bdef1
     0 | D:1      | 0 ||| qw: Game counter: 1124
     0 | D:1      | 0 ||| qw: Always use a shield: true
     0 | D:1      | 0 ||| qw: God list: Okawaru
     0 | D:1      | 0 ||| qw: Allow faded altars: false
     0 | D:1      | 0 ||| qw: Do Orc after D:15 true
     0 | D:1      | 0 ||| qw: Do second Lair branch before Depths: true
     0 | D:1      | 0 ||| qw: Lair rune preference: random
     0 | D:1      | 0 ||| qw: Plans: Normal
     0 | D:1      | 0 ||| PLANNING D:1-11
   154 | D:1      | Reached XP level 2. HP: 17/17 MP: 6/6
   169 | D:1      | Reached skill level 3 in Axes
   387 | D:1      | 387 ||| Stepping ~*~*~tactically~*~*~ (stealth).
   388 | D:1      | 388 ||| Stepping ~*~*~tactically~*~*~ (stealth).
   391 | D:1      | 391 ||| Stepping ~*~*~tactically~*~*~ (stealth).
   503 | D:1      | 503 ||| Stepping ~*~*~tactically~*~*~ (stealth).
   676 | D:1      | 676 ||| Stepping ~*~*~tactically~*~*~ (stealth).
   680 | D:1      | 680 ||| Stepping ~*~*~tactically~*~*~ (stealth).
  1131 | D:1      | Reached XP level 3. HP: 21/21 MP: 7/7
  1183 | D:1      | You fall into a shaft and drop 1 floor!
  1218 | D:2      | 1218 ||| Stepping ~*~*~tactically~*~*~ (stealth).
  1227 | D:2      | Reached skill level 4 in Axes
  1227 | D:2      | HP: 5/21 [poisoned by an adder]
  1230 | D:2      | HP: 2/21 [poisoned by an adder]
  1300 | D:2      | 1300 ||| Stepping ~*~*~tactically~*~*~ (stealth).
  1301 | D:2      | 1301 ||| Stepping ~*~*~tactically~*~*~ (stealth).
  1302 | D:2      | 1302 ||| Stepping ~*~*~tactically~*~*~ (stealth).
  1307 | D:2      | 1307 ||| Stepping ~*~*~tactically~*~*~ (stealth).
  1308 | D:2      | HP: 5/21 [adder (3)]
  1561 | D:2      | 1561 ||| UPGRADING to +0 ring mail.
  1571 | D:2      | 1571 ||| DROPPING +0 leather armour.
  1572 | D:2      | 1572 ||| READING scroll labelled XUESIR KIATH.
  1577 | D:2      | 1577 ||| READING scroll labelled WUTRIJ QEMIHOU.
  1578 | D:2      | 1578 ||| READING scroll labelled PAMIMY ZALU.
  1579 | D:2      | 1579 ||| DROPPING scroll of blinking.
  1580 | D:2      | 1580 ||| Stepping randomly (stuck).
  1581 | D:2      | 1581 ||| Stepping ~*~*~tactically~*~*~ (cloud).
  1805 | D:1      | 1805 ||| Stepping ~*~*~tactically~*~*~ (stealth).
  1956 | D:1      | 1956 ||| READING scroll labelled LOSISI UXIROWK.
  1998 | D:2      | 1998 ||| Stepping ~*~*~tactically~*~*~ (stealth).
  2145 | D:2      | 2145 ||| Stepping ~*~*~tactically~*~*~ (stealth).
  2146 | D:2      | 2146 ||| Stepping ~*~*~tactically~*~*~ (stealth).
  2147 | D:2      | 2147 ||| Stepping ~*~*~tactically~*~*~ (stealth).
  2148 | D:2      | 2148 ||| Stepping ~*~*~tactically~*~*~ (stealth).
  2151 | D:2      | 2151 ||| Stepping ~*~*~tactically~*~*~ (stealth).
  2458 | D:2      | Found a faded altar of an unknown god.
  2644 | D:2      | Reached XP level 4. HP: 26/26 MP: 8/8
  2883 | D:2      | 2883 ||| READING 3 scrolls labelled PODAKHLIEPH.
  2884 | D:2      | 2884 ||| READING 2 scrolls of identify.
  2884 | D:2      | 2884 ||| IDENTIFYING clear potion
  2917 | D:3      | 2917 ||| Stepping ~*~*~tactically~*~*~ (water).
  2921 | D:3      | HP: 3/26 [orc wizard/+0 dagger (4)]
  2922 | D:3      | HP: 1/26 [orc wizard/+0 dagger (2)]
  2923 | D:3      | Slain by an orc wizard

Levels and vault maps discovered:
D:1:      arrival_zaba_pyramid, layout_basic
D:2:      layout_basic, shapermc_ecumenical_altar_mp_vishouse,
          nicolae_underground_beach
D:3:      layout_rooms, trog_book, serial_rivers, chequers_serial_rivers_room_b,
          chequers_serial_rivers_small_3, chequers_serial_rivers_micro_a,
          chequers_serial_rivers_micro_e, minmay_misc_feat_tower,
          minmay_circle_x

Skill      XL: |  1  2  3 |
---------------+----------+-----
Axes           | 3 4 |  4.8
Fighting       | |  2.0
Throwing       | |  1.0
Armour         | |  1.1
Dodging        | |  2.1
Spellcasting   | |  2.0
Translocations | |  2.4

Action                   |  1- 3 |  4- 6 || total
-------------------------+-------+-------++-------
Melee: Hand axe          |   102 |    14 ||   116
       Kick              |    15 |     2 ||    17
       Peck              |    14 |     1 ||    15
Throw: Boomerang         |     7 |       ||     7
  Use: Scroll            |     4 |     2 ||     6
 Stab: Sleeping          |     1 |       ||     1
       Distracted        |     1 |       ||     1
Armor: Leather armour    |    19 |       ||    19
       Ring mail         |     9 |     4 ||    13
Dodge: Dodged            |    66 |     9 ||    75

Table legend:
 A = Non-vault XP
 B = Vault XP
 C = Vault XP percentage of total XP
 D = Non-vault monster count
 E = Vault monster count
 F = Vault count percentage of total count
                 A         B        C        D         E       F
            +---------+---------+-------+---------+---------+-------
      Total |     102 |       0 |   0.0 |      40 |       0 |   0.0
            +---------+---------+-------+---------+---------+-------
        D:1 |      43 |       0 |   0.0 |      26 |       0 |   0.0
        D:2 |      53 |       0 |   0.0 |      12 |       0 |   0.0
        D:3 |       6 |       0 |   0.0 |       2 |       0 |   0.0
            +---------+---------+-------+---------+---------+-------
